 Dungeon Crawl Stone Soup version 0.23-a0-208-gb6b040f (webtiles) character file.

14 Felrender the Skirmisher (level 2, -5/24 HPs)
             Began as a Demonspawn Fighter on Sept 26, 2018.
             Killed from afar by Ijyb (7 damage)
             ... with a wand of flame (32)
             ... on level 3 of the Dungeon.
             The game lasted 00:01:17 (546 turns).

Felrender the Skirmisher (Demonspawn Fighter)        Turns: 546, Time: 00:01:18

Health: -5/24      AC:  6    Str: 16    XL:     2   Next: 31%
Magic:  0/2        EV:  6    Int:  9    God:
Gold:   65         SH:  8    Dex: 12    Spells: 1/1 levels left

rFire    . . .     SeeInvis .   a - +0 long sword
rCold    . . .     Gourm    .   c - +0 shield
rNeg     . . .     Faith    .   b - +0 scale mail
rPois    .         Spirit   +   (no helmet)
rElec    .         Reflect  .   (no cloak)
rCorr    .         Harm     .   (no gloves)
MR       .....                  (no boots)
Stlth    ..........             (no amulet)
HPRegen  0.08/turn              (no ring)
MPRegen  0.08/turn              (no ring)

@: no status effects
A: magic shield
a: no special abilities


You were on level 3 of the Dungeon.
You were not hungry.

You visited 1 branch of the dungeon, and saw 3 of its levels.

You collected 65 gold pieces.

Inventory:

Hand Weapons
 a - a +0 long sword (weapon)
Armour
 b - a +0 scale mail (worn)
 c - a +0 shield (worn)
Jewellery
 i - an uncursed ring of fire
Potions
 d - 2 potions of might
 e - a potion of brilliance {unknown}
 g - 2 potions of curing {unknown}
Comestibles
 f - a ration


   Skills:
 + Level 3.2 Fighting
 + Level 1.9 Long Blades
 + Level 2.8 Armour
 + Level 3.0 Shields


You had one spell level left.
You didn't know any spells.
Your spell library was empty.

Dungeon Overview and Level Annotations

Branches:
Dungeon (2/15)

Altars:

Annotations:
D:3 Ijyb


Innate Abilities, Weirdness & Mutations

When hurt, damage is shared between your health and your magic reserves.


Message History

You closely miss Ijyb.
Ijyb is severely wounded.
Ijyb barely misses you.
You riposte.
You closely miss Ijyb.
Ijyb is severely wounded.
You hit Ijyb.
Ijyb is severely wounded.
Ijyb zaps a wand.
The puff of flame misses you. Ijyb barely misses you.
You riposte.
You hit Ijyb.
Ijyb is almost dead.
You hit Ijyb but do no damage.
Ijyb is almost dead.
Ijyb closely misses you.
You hit Ijyb.
Ijyb is almost dead.
Ijyb zaps a wand.
The puff of flame hits you!
* * * LOW HITPOINT WARNING * * *
Your shield prevents you from hitting Ijyb.
Ijyb is almost dead.
Ijyb hits you but does no damage.
Ijyb zaps a wand.
The puff of flame hits you!
You die...

#..#######
#.........
#..####### #..#
#.####..#
#.......#
#######.##
##...## #@....#
.......g........
######.<..######
#.#### #. #. #.
#.


You could see Ijyb.

Vanquished Creatures
  2 leopard geckos (D:1)
  A giant cockroach (D:3)
  A goblin (D:1)
  A kobold (D:1)
  3 bats (D:1)
  A frilled lizard (D:1)
  4 rats (D:1)
13 creatures vanquished.

Notes
Turn   | Place    | Note
-------+----------+-------------------------------------------
     0 | D:1      | Felrender the Demonspawn Fighter began the quest for the
                  | Orb.
     0 | D:1      | Reached XP level 1. HP: 18/18 MP: 1/1
   154 | D:1      | Gained mutation: When hurt, damage is shared between your
                  | health and your magic reserves. [demonic ancestry]
   154 | D:1      | Reached XP level 2. HP: 22/24 MP: 2/2
   514 | D:2      | You fall through a shaft!
   528 | D:3      | Noticed Ijyb
   546 | D:3      | Killed from afar by Ijyb

Vault maps used:
D:1:      mrwooster_arrival_arrow
D:3:      old_standard_altar, first_ration, uniq_sigmund, uniq_terence,
          uniq_ijyb

Skill      XL: |  1  2 |
---------------+-------+-----
Shields        | 3 |  3.0
Fighting       | |  3.2
Long Blades    | |  1.9
Armour         | |  2.8

Action                   || total
-------------------------++-------
Melee: Long sword        ||    53
  Use: Scroll            ||     3
Armor: Scale mail        ||    28
Dodge: Dodged            ||    25
Block: Shield            ||    27
       Rpst.: Long sword ||     6

Table legend:
 A = Non-vault XP
 B = Vault XP
 C = Vault XP percentage of total XP
 D = Non-vault monster count
 E = Vault monster count
 F = Vault count percentage of total count
                 A         B        C        D         E       F
            +---------+---------+-------+---------+---------+-------
      Total |      21 |       0 |   0.0 |      13 |       0 |   0.0
            +---------+---------+-------+---------+---------+-------
        D:1 |      19 |       0 |   0.0 |      12 |       0 |   0.0
        D:3 |       2 |       0 |   0.0 |       1 |       0 |   0.0
            +---------+---------+-------+---------+---------+-------
